 Dungeon Crawl Stone Soup version 0.31-a0-149-g3fdcc5976a (webtiles) character file.

Game seed: 9221369804909981846

287 qw the Shooter (level 6, 0/52 HPs)
             Began as a Minotaur Hunter on June 7, 2023.
             Slain by a goblin
             ... wielding a +0 club
             ... led by Robin
              (1 damage)
             ... on level 4 of the Dungeon.
             The game lasted 00:00:57 (2278 turns).

qw the Shooter (Minotaur Hunter)                    Turns: 2278, Time: 00:00:58

Health: 0/52       AC:  5    Str: 21    XL:     6   Next: 8%
Magic:  5/5        EV: 11    Int:  6    God:
Gold:   197        SH:  0    Dex: 16    Spells: 5/5 levels left

rFire   . . .        Y - +0 shortbow (heavy)
rCold   . . .        (shield currently unavailable)
rNeg    . . .        d - +0 ring mail
rPois   .            (helmet restricted)
rElec   .            (no cloak)
rCorr   .            (no gloves)
SInv    +            (no boots)
Will    .....        (no amulet)
Stlth   +            c - ring of see invisible
HPRegen 0.28/turn    h - +6 ring of strength
MPRegen 0.09/turn

%: no passive effects
@: no status effects
A: horns 2, retaliatory headbutt
a: no special abilities


You were on level 4 of the Dungeon.
You visited 1 branch of the dungeon, and saw 4 of its levels.

You collected 197 gold pieces.


Innate Abilities, Weirdness & Mutations

You have a pair of horns on your head.
You reflexively headbutt those who attack you in melee.


   Skills:
 - Level 4.0 Fighting
 + Level 7.4 Ranged Weapons
 - Level 1.1 Armour
 - Level 2.1 Dodging
 - Level 0.7 Stealth


You had 5 spell levels left.
You didn't know any spells.
Your spell library was empty.

Inventory:

Hand Weapons
 Y - a +0 heavy shortbow (weapon)
Armour
 d - a +0 ring mail (worn)
Jewellery
 c - a ring of see invisible (left hand)
 h - a +6 ring of strength (right hand)
Scrolls
 b - 2 scrolls of identify
Potions
 a - a potion of berserk rage {unknown}
 e - 2 potions of might {unknown}
 f - 2 potions of curing
 i - a potion of brilliance {unknown}

Dungeon Overview and Level Annotations

Branches:
Dungeon (4/15)
 Temple: D:4-7

Altars:
Ru


Message History

The goblin barely misses you.
Your Ranged Weapons skill increases to level 7!
You have reached level 6!
You shoot an arrow. The arrow hits the adder!
You kill the adder!
You feel sick. The hobgoblin barely misses you.
The goblin hits you but does no damage. The goblin barely misses you.
You shoot an arrow. The arrow hits the hobgoblin!
You kill the hobgoblin!
You feel sick.
You are no longer poisoned.
The goblin barely misses you. The goblin misses you.
The goblin hits you with a +0 dagger.
The goblin hits you but does no damage. x2
The goblin hits you with a +0 club. The goblin hits you but does no damage.
You shoot an arrow. The arrow hits the goblin!!
You kill the goblin!
The goblin barely misses you. The goblin closely misses you.
The goblin hits you but does no damage. x2; The goblin hits you with a +0 club.
The hobgoblin hits you but does no damage.
The goblin hits you with a +0 club.
You shoot an arrow. The arrow hits the hobgoblin.
The hobgoblin is moderately wounded.
The goblin closely misses you. The goblin hits you but does no damage.
The hobgoblin hits you but does no damage.
The goblin misses you.
You shoot an arrow. The arrow closely misses the hobgoblin.
The goblin closely misses you. The goblin hits you with a +0 club.
The hobgoblin barely misses you. You furiously retaliate!
You headbutt the hobgoblin. The goblin barely misses you.
You furiously retaliate!
You headbutt the goblin. The goblin hits you with a +0 dagger.
The goblin barely misses you. The hobgoblin barely misses you.
The goblin closely misses you.
You shoot an arrow.
The arrow hits the hobgoblin but does no damage.
The hobgoblin is severely wounded.
The goblin barely misses you. The goblin hits you with a +0 club.
The hobgoblin hits you.
The goblin hits you but does no damage. x2
The goblin closely misses you. The hobgoblin closely misses you.
The goblin hits you with a +0 club.
You die...

##) .... #####
#######...# #...#
##...#g....#
##...###....@gg.#
##.....#.....gg.##.
#...........##.#..#
###...............#
#.........#.......
##........#........
#..........#......
#..........##.....
#...#.#.........#


You could see 2 hobgoblins and 3 goblins.

Vanquished Creatures
  A black bear (D:4)
  An orc priest (D:3)
  2 orc wizards
  Robin (D:4)
  2 adders
  A worm (D:3)
  A dart slug (D:2)
  9 orcs
  7 ball pythons
  7 endoplasms
  2 giant cockroaches (D:1)
  6 goblins
  10 hobgoblins
  2 quokkas
  7 bats
  9 frilled lizards
  8 kobolds
  4 rats (D:1)
80 creatures vanquished.

Notes
Turn   | Place    | Note
-------+----------+-------------------------------------------
     0 | D:1      | qw the Minotaur Hunter began the quest for the Orb.
     0 | D:1      | Reached XP level 1. HP: 18/18 MP: 0/0
     0 | D:1      | 0 ||| qw: Version: 0.2-a-117-gc6b5c8b
     0 | D:1      | 0 ||| qw: Game counter: 2592
     0 | D:1      | 0 ||| qw: Always use a shield: true
     0 | D:1      | 0 ||| qw: God list: Okawaru
     0 | D:1      | 0 ||| qw: Allow faded altars: false
     0 | D:1      | 0 ||| qw: Do Orc after D:15 true
     0 | D:1      | 0 ||| qw: Do second Lair branch before Depths: true
     0 | D:1      | 0 ||| qw: Lair rune preference: random
     0 | D:1      | 0 ||| qw: Plans: Normal
     0 | D:1      | 0 ||| PLANNING D:1-11
    59 | D:1      | Reached XP level 2. HP: 25/25 MP: 1/1
    73 | D:1      | Reached skill level 5 in Ranged Weapons
   227 | D:1      | Reached skill level 3 in Fighting
   477 | D:1      | Reached XP level 3. HP: 31/31 MP: 2/2
   889 | D:1      | 889 ||| UPGRADING to +0 ring mail.
   899 | D:1      | 899 ||| DROPPING +0 leather armour.
   900 | D:1      | 900 ||| READING scroll labelled ROMEQUEWKO.
   901 | D:1      | 901 ||| READING scroll labelled LEPPOD OBASIJ.
   902 | D:1      | 902 ||| DROPPING scroll of butterflies.
  1160 | D:2      | Found a sacrificial altar of Ru.
  1273 | D:2      | Reached skill level 1 in Armour
  1658 | D:3      | Reached XP level 4. HP: 22/38 MP: 3/3
  1661 | D:3      | Reached skill level 6 in Ranged Weapons
  1747 | D:3      | 1747 ||| FLEEEEING.
  1748 | D:3      | 1748 ||| FLEEEEING.
  1749 | D:3      | 1749 ||| FLEEEEING.
  1750 | D:3      | 1750 ||| FLEEEEING.
  1751 | D:3      | 1751 ||| FLEEEEING.
  1752 | D:3      | 1752 ||| FLEEEEING.
  1753 | D:3      | 1753 ||| FLEEEEING.
  1754 | D:3      | 1754 ||| FLEEEEING.
  1755 | D:3      | 1755 ||| FLEEEEING.
  1756 | D:3      | 1756 ||| FLEEEEING.
  1757 | D:3      | 1757 ||| FLEEEEING.
  1758 | D:3      | 1758 ||| FLEEEEING.
  1759 | D:3      | 1759 ||| FLEEEEING.
  1760 | D:3      | 1760 ||| FLEEEEING.
  1761 | D:3      | 1761 ||| FLEEEEING.
  1762 | D:3      | 1762 ||| FLEEEEING.
  1763 | D:3      | 1763 ||| STAIRDANCE
  1992 | D:3      | Reached XP level 5. HP: 46/46 MP: 4/4
  2048 | D:3      | Found a faded altar of an unknown god.
  2138 | D:3      | 2138 ||| UPGRADING to ring of see invisible.
  2139 | D:3      | 2139 ||| UPGRADING to +6 ring of strength.
  2140 | D:3      | 2140 ||| READING 2 scrolls labelled TINGOMUDWE.
  2141 | D:3      | 2141 ||| READING scroll labelled OTIEKHL FOGOU.
  2142 | D:3      | 2142 ||| READING scroll labelled IDOVOY QUNYOSM.
  2143 | D:3      | 2143 ||| READING scroll labelled TOIMIZ AJIFAA.
  2148 | D:3      | 2148 ||| DRINKING 2 golden potions.
  2264 | D:4      | Noticed a black bear
  2265 | D:4      | Noticed Robin
  2266 | D:4      | Killed Robin
  2272 | D:4      | Killed a black bear
  2273 | D:4      | Reached skill level 7 in Ranged Weapons
  2273 | D:4      | Reached XP level 6. HP: 19/52 MP: 5/5
  2274 | D:4      | HP: 12/52 [goblin/+0 club[Robin] (2)]
  2275 | D:4      | HP: 5/52 [goblin/+0 club[Robin] (4)]
  2278 | D:4      | HP: 1/52 [hobgoblin[Robin] (2)]
  2278 | D:4      | Slain by a goblin

Levels and vault maps discovered:
D:1:      minmay_arrival_open_corners, layout_basic, minivault_4,
          minmay_lizard_pond
D:2:      layout_loops_corners, basic_altar
D:3:      layout_rooms, shapermc_ecumenical_altar_starsandcircs
D:4:      layout_cave_pools, minmay_gold_behind_fungi, uniq_crazy_yiuf_cottage,
          uniq_robin

Skill      XL: |  1  2  3  4  5 |
---------------+----------------+-----
Ranged Weapons | 5 6 7 |  7.4
Fighting       | 3 4 |  4.0
Armour         | 1 |  1.1
Dodging        | |  2.1
Stealth        | |  0.7

Action                     |  1- 3 |  4- 6 || total
---------------------------+-------+-------++-------
   Fire: Shortbow          |   120 |    82 ||   202
    Use: Scroll            |     2 |     4 ||     6
         Potion            |       |     1 ||     1
 Armour: Leather armour    |     7 |       ||     7
         Ring mail         |     2 |    27 ||    29
  Dodge: Dodged            |    38 |    55 ||    93

Table legend:
 A = Non-vault XP
 B = Vault XP
 C = Vault XP percentage of total XP
 D = Non-vault monster count
 E = Vault monster count
 F = Vault count percentage of total count
                 A         B        C        D         E       F
            +---------+---------+-------+---------+---------+-------
      Total |     383 |      28 |   6.8 |      69 |      11 |  13.8
            +---------+---------+-------+---------+---------+-------
        D:1 |      47 |       7 |  13.0 |      30 |       7 |  18.9
        D:2 |      18 |       0 |   0.0 |       9 |       0 |   0.0
        D:3 |     137 |       0 |   0.0 |      23 |       0 |   0.0
        D:4 |     181 |      21 |  10.4 |       7 |       4 |  36.4
            +---------+---------+-------+---------+---------+-------
